 Dungeon Crawl Stone Soup version 0.21.1-1-g345015f (webtiles) character file.

61 kae the Insei (level 3, -15/27 HPs)
             Began as a Demonspawn Transmuter on May 17, 2018.
             Demolished by Duvessa
             ... wielding a +0 short sword
              (17 damage)
             ... on level 4 of the Dungeon.
             The game lasted 00:04:08 (3749 turns).

kae the Insei (Demonspawn Transmuter)               Turns: 3749, Time: 00:04:08

Health: -15/27     AC:  2    Str:  8 (10) XL:     3   Next: 83%
Magic:  5/6        EV: 12    Int: 11 (14) God:
Gold:   157        SH:  0    Dex: 12 (14) Spells: 5/6 levels left

rFire    . . .     SeeInvis .     - Unarmed
rCold    + . .     Gourm    .   (no shield)
rNeg     . . .     Faith    .   b - +0 robe
rPois    .         Spirit   .   (no helmet)
rElec    .         Reflect  .   (no cloak)
rCorr    .         Harm     .   (no gloves)
MR       .....                  (no boots)
Stlth    +.........             (no amulet)
HPRegen  0.09/turn              (no ring)
MPRegen  0.10/turn              (no ring)

@: no status effects
A: hooves 1, cold resistance 1
a: no special abilities


You were on level 4 of the Dungeon.
You were not hungry.

You visited 1 branch of the dungeon, and saw 4 of its levels.

You collected 157 gold pieces.

Inventory:

Missiles
 a - 30 arrows
Armour
 b - a +0 robe (worn)
 e - a +0 pair of boots
Potions
 f - 3 potions of curing
 g - a potion of magic
 h - a potion of berserk rage
 l - a potion of degeneration
 o - a potion of mutation {unknown}
Books
 c - a book of Changes

   Spells                             Type                      Level
   a - Beastly Appendage              Transmutation                1
   b - Sticks to Snakes               Transmutation                2
   c - Spider Form                    Transmutation/Poison         3
   d - Ice Form                       Ice/Transmutation            4
   e - Blade Hands                    Transmutation                5
Comestibles
 d - 7 rations


   Skills:
 + Level 1.8 Fighting
 - Level 1.7 Dodging
 * Level 3.3 Unarmed Combat
 + Level 2.3 Spellcasting
 * Level 2.6 Transmutations


You had 5 spell levels left.
You knew the following spells:

 Your Spells              Type           Power        Failure   Level  Hunger
a - Beastly Appendage     Tmut           #.....       10%         1    ##.....


Dungeon Overview and Level Annotations

Branches:
Dungeon (4/15)
 Temple: D:4-7

Altars:
Xom

Annotations:
D:4 Dowan, Duvessa, Menkaure


Innate Abilities, Weirdness & Mutations

You have large cloven feet.
Your flesh is cold resistant. (rC+)


Message History

Duvessa completely misses you. Duvessa hits you with a short sword!
You see here a chain mail.
You hear a shout!
You hear a shout!
Duvessa rages.
Duvessa hits you with a short sword!
Ouch! That really hurt!
* * * LOW HITPOINT WARNING * * *
Okay, then.
It was a potion of degeneration.
There was something very wrong with that liquid.
You feel weakened.
You feel dopey.
You feel clumsy. Duvessa misses you.
It was a potion of cancellation.
Your magical effects are unravelling.
You feel magically purged.
Your horns disappear.
You feel a little less agile now. Duvessa hits you with a short sword!
Ouch! That really hurt!
You die...

..# ..... ... .
#.# .. #.#
##############.#
#.[..........#.###
#e######.###.#.##.
#@# #.# #.#.##.
#.# ####.###.#.##.
#.# #.............
#.# #.##.###.#e##.
#.# #.##.# #....#.
#.###.##.###...oe.
#.............<.#.
#####.########.##.
#.# #.##.


You could see Duvessa (berserk).

Vanquished Creatures
  An ooze (D:3)
  An adder skeleton (D:4)
  2 worms
  A dart slug (D:3)
  2 orcs
  7 hobgoblins
  4 jackals (D:3)
  3 kobolds
  A quokka (D:4)
  6 bats
  3 frilled lizards
  5 goblins
  8 rats
  A bush (D:2)
45 creatures vanquished.

Notes
Turn   | Place    | Note
-------+----------+-------------------------------------------
     0 | D:1      | kae the Demonspawn Transmuter began the quest for the Orb.
     0 | D:1      | Reached XP level 1. HP: 15/15 MP: 3/3
   206 | D:1      | Gained mutation: Your flesh is cold resistant. (rC+) [demonic ancestry]
   206 | D:1      | Reached XP level 2. HP: 8/21 MP: 3/5
   699 | D:1      | Reached skill level 3 in Unarmed Combat
  2041 | D:2      | Gained mutation: You have large cloven feet. [demonic ancestry]
  2041 | D:2      | Reached XP level 3. HP: 15/26 MP: 4/6
  3099 | D:3      | Found a shimmering altar of Xom.
  3155 | D:4      | Noticed Duvessa
  3213 | D:4      | Noticed Dowan
  3593 | D:4      | Noticed Menkaure
  3749 | D:4      | Demolished by Duvessa

Skill      XL: |  1  2 |
---------------+-------+-----
Transmutations | 2 |  2.6
Unarmed Combat | 3 |  3.3
Fighting       | |  1.8
Dodging        | |  1.7
Spellcasting   | |  2.3

Action                   || total
-------------------------++-------
Melee: Unarmed           ||   322
       Kick              ||    85
       Headbutt          ||    12
       Punch             ||     3
 Cast: Beastly Appendage ||    22
  Use: Scroll            ||     9
       Potion            ||     3
  Eat: Ration            ||     1
       Chunk             ||     6
Armor: Robe              ||    27
Dodge: Dodged            ||   119
